 Dungeon Crawl Stone Soup version 0.28.0-47-ge53b351184 (webtiles) character file.

Game seed: 5995017650912170941

16 Zeld the Chopper (level 2, 0/27 HPs)
             Began as a Minotaur Berserker on Apr 27, 2022.
             Was a Follower of Trog.
             Frozen to death by an endoplasm (4 damage)
             ... on level 1 of the Dungeon.
             The game lasted 00:00:39 (412 turns).

Zeld the Chopper (Minotaur Berserker)                Turns: 412, Time: 00:00:40

Health: 0/27       AC:  2    Str: 21    XL:     2   Next: 37%
Magic:  1/1        EV: 12    Int:  4    God:    Trog [*.....]
Gold:   40         SH:  0    Dex:  9    Spells: 1/1 levels left

rFire   . . .      SeeInvis .   a - +0 hand axe
rCold   . . .      Faith    .   (no shield)
rNeg    . . .      Spirit   .   b - +0 animal skin
rPois   .          Reflect  .   (helmet restricted)
rElec   .          Harm     .   (no cloak)
rCorr   .          Rampage  .   (no gloves)
Will    .....                   (no boots)
Stlth   +.........              (no amulet)
HPRegen 0.09/turn               (no ring)
MPRegen 0.07/turn               (no ring)

@: no status effects
A: horns 2, retaliatory headbutt
a: Renounce Religion, Berserk


You were on level 1 of the Dungeon.
You worshipped Trog.
Trog was aware of your devotion.
You visited 1 branch of the dungeon, and saw 1 of its levels.

You collected 40 gold pieces.

Inventory:

Hand Weapons
 a - a +0 hand axe (weapon)
Armour
 b - a +0 animal skin (worn)
Jewellery
 c - a ring of resist corrosion


   Skills:
 * Level 3.9 Fighting
 * Level 4.0 Axes
 + Level 2.6 Armour
 + Level 2.3 Dodging
 + Level 0.5 Stealth


You had one spell level left.
You didn't know any spells.
Your spell library was empty.

Dungeon Overview and Level Annotations

Branches:
Dungeon (1/15)

Altars:


Innate Abilities, Weirdness & Mutations

You have a pair of horns on your head.
You reflexively headbutt those who attack you in melee.


Message History

You barely miss the endoplasm. The endoplasm freezes you.
You are frozen.
You hit the endoplasm.
The endoplasm is almost dead.
The endoplasm freezes you.
You are frozen.
You hit the endoplasm.
You kill the endoplasm!
Trog accepts your kill.
You barely miss the endoplasm. The endoplasm freezes you.
You are frozen.
Your Axes skill increases to level 4!
You are too injured to fight recklessly!
You are too injured to fight recklessly!
You barely miss the kobold. You hit the endoplasm but do no damage.
The kobold barely misses you. The endoplasm misses you.
You are too injured to fight recklessly!
You barely miss the kobold. You hit the endoplasm but do no damage.
The kobold hits you but does no damage. The endoplasm hits you.
You closely miss the kobold. You hit the endoplasm.
The kobold barely misses you. The endoplasm hits you.
* * * LOW HITPOINT WARNING * * *
You slash the kobold!
You kill the kobold!
Trog accepts your kill.
You completely miss the endoplasm. The endoplasm freezes you.
You are frozen.
* * * LOW HITPOINT WARNING * * *
You barely miss the endoplasm.
The endoplasm is almost dead.
The endoplasm hits you but does no damage.
Unknown command.
You hit the endoplasm but do no damage.
The endoplasm is almost dead.
The endoplasm freezes you.
You are frozen.
You die...

.......#.# #. .........#
#.# ######.### ..#
.....#.# ########.#
####...# #........ ##
PPP#.### ##.###..#...#
P⌠P#.# ####...##..#..#..
PPP#.# #....#...........
####.###.##....#@)#####.
...+..##.###.#.#)J.....(
####..............######
PPP#..#..##..##.#..
P⌠P#.....##.........
PPP#.....##..........
####....###.#.#.##....
......#.# .... .....
.........


You could see an endoplasm.

Vanquished Creatures
  3 endoplasms (D:1)
  A giant cockroach (D:1)
  A goblin (D:1)
  2 hobgoblins (D:1)
  A quokka (D:1)
  A bat (D:1)
  2 frilled lizards (D:1)
  A kobold (D:1)
  3 rats (D:1)
15 creatures vanquished.

Notes
Turn   | Place    | Note
-------+----------+-------------------------------------------
     0 | D:1      | Zeld the Minotaur Berserker began the quest for the Orb.
     0 | D:1      | Reached XP level 1. HP: 19/19 MP: 0/0
   244 | D:1      | Reached XP level 2. HP: 27/27 MP: 1/1
   407 | D:1      | Reached skill level 4 in Axes
   412 | D:1      | Frozen to death by an endoplasm

Illustrated notes

Levels and vault maps discovered:
D:1:      beargit_arrival_greenhouse, layout_loops_cross, st_stairs_6,
          minmay_split_cup_large

Skill      XL: |  1  2 |
---------------+-------+-----
Axes           | 4 |  4.0
Fighting       | |  3.9
Armour         | |  2.6
Dodging        | |  2.3
Stealth        | |  0.5

Action                   || total
-------------------------++-------
Melee: Hand axe          ||    36
       Headbutt          ||     4
       Punch             ||     1
 Stab: Sleeping          ||     1
Armor: Animal skin       ||     7
Dodge: Dodged            ||    21
